 Dungeon Crawl Stone Soup version 0.26-a0-597-gb535b0901c (webtiles) character file.

Game seed: 7551863431160787247

36854 Apogee the Thaumaturge (level 13, -26/99 HPs)
             Began as a Gnoll Fire Elementalist on Sept 13, 2020.
             Was an Elder of Vehumet.
             Killed from afar by an ogre mage (35 damage)
             ... with a bolt of lightning
             ... on level 15 of the Dungeon.
             The game lasted 00:45:17 (21871 turns).

Apogee the Thaumaturge (Gnoll Fire Elementalist)   Turns: 21871, Time: 00:45:17

Health: -26/99     AC: 13    Str: 17      XL:     13   Next: 92%
Magic:  1/27       EV: 19    Int: 20 (21) God:    Vehumet [****..]
Gold:   971        SH:  0    Dex: 19      Spells: 4/32 levels left

rFire    . . .     SeeInvis .   a - +2 falchion "Tuinipr Kewa" {vorpal, Str+6}
rCold    . . .     Faith    .   (no shield)
rNeg     . . .     Spirit   .   R - +0 acid dragon scales
rPois    .         Reflect  .   o - +0 helmet
rElec    .         Harm     .   (no cloak)
rCorr    +                      G - +2 pair of gloves
MR       .....                  (no boots)
Stlth    ++++......             (no amulet)
HPRegen  0.26/turn              (no ring)
MPRegen  0.20/turn              (no ring)

@: no status effects
A: distributed training, fangs 1, agile 1, strong nose
a: Renounce Religion


You were on level 15 of the Dungeon.
You worshipped Vehumet.
Vehumet was greatly pleased with you.
You visited 1 branch of the dungeon, and saw 15 of its levels.

You collected 1109 gold pieces.
You spent 138 gold pieces at shops.

Inventory:

Hand Weapons
 a - the +2 falchion "Tuinipr Kewa" (weapon) {vorpal, Str+6}
   (You found it on level 6 of the Dungeon)

   It inflicts extra damage upon your enemies.
   It affects your strength (+6).
 b - a +2 dagger of electrocution
   (You took it off an orc priest on level 8 of the Dungeon)
 C - a +2 broad axe of flaming
   (You took it off Maggie on level 6 of the Dungeon)
Missiles
 j - 461 stones (quivered)
 y - 4 throwing nets {!f}
Armour
 o - a +0 helmet (worn)
   (You found it on level 5 of the Dungeon)
 p - the +1 chain mail of Classification {rElec rPois MP-9 Int-3, unknown}
   (You found it on level 9 of the Dungeon)

   It affects your intelligence (-3).
   It insulates you from electricity.
   It protects you from poison.
   It affects your magic capacity (-9).
 D - +0 steam dragon scales
   (You took it off Maggie on level 6 of the Dungeon)
 G - a +2 pair of gloves (worn)
   (You found it on level 8 of the Dungeon)
 R - +0 acid dragon scales (worn)
   (You found it on level 13 of the Dungeon)
Jewellery
 e - an uncursed ring of protection from fire {unknown}
   (You found it on level 4 of the Dungeon)
 l - an uncursed amulet of guardian spirit
   (You found it on level 2 of the Dungeon)
 v - an uncursed ring of wizardry
   (You found it on level 4 of the Dungeon)
 w - an uncursed ring of resist corrosion {unknown}
   (You found it on level 1 of the Dungeon)
 x - a +6 ring of strength {unknown}
   (You found it on level 15 of the Dungeon)
 A - a cursed -4 ring of slaying {unknown}
   (You found it on level 6 of the Dungeon)
 H - an uncursed ring of magical power {unknown}
   (You found it on level 7 of the Dungeon)
 Q - a +6 ring of dexterity
   (You took it off an orc on level 12 of the Dungeon)
Wands
 c - a wand of disintegration (30)
   (You found it on level 5 of the Dungeon)
 u - a wand of paralysis (16)
   (You found it on level 6 of the Dungeon)
 P - a wand of enslavement (9)
   (You found it on level 11 of the Dungeon)
Scrolls
 f - 2 scrolls of blinking {unknown}
 g - 7 scrolls of fog
 h - 3 scrolls of remove curse {@r2}
 k - 7 scrolls of teleportation {@r4}
 n - 2 scrolls of enchant weapon {unknown}
 q - 4 scrolls of amnesia {unknown}
 r - 7 scrolls of identify {@r1}
 t - 3 scrolls of immolation {!r}
 B - a scroll of random uselessness
 E - 2 scrolls of summoning {unknown}
 J - a scroll of holy word {unknown}
 M - 2 scrolls of enchant armour {unknown}
 S - a scroll of brand weapon {unknown}
Potions
 d - 4 potions of stabbing
 i - a potion of cancellation {unknown}
 s - 2 potions of mutation {!q}
 z - 3 potions of flight
 F - 4 potions of lignification {!q}
 I - 2 potions of curing {@q1}
 K - a potion of degeneration {unknown}
 L - 3 potions of haste {@q3}
 N - 3 potions of might {unknown}
 O - a potion of magic {unknown}


   Skills:
 + Level 8.7 Fighting
 + Level 8.7 Short Blades
 + Level 8.7 Long Blades
 + Level 8.7 Axes
 + Level 8.7 Maces & Flails
 + Level 8.7 Polearms
 + Level 8.7 Staves
 + Level 8.7 Slings
 + Level 8.7 Bows
 + Level 8.7 Crossbows
 + Level 8.7 Throwing
 + Level 8.7 Armour
 + Level 9.8 Dodging
 + Level 9.7 Stealth
 + Level 8.7 Shields
 + Level 8.7 Unarmed Combat
 + Level 10.0 Spellcasting
 + Level 7.6 Conjurations
 + Level 7.2 Hexes
 + Level 7.2 Summonings
 + Level 7.2 Necromancy
 + Level 7.2 Translocations
 + Level 7.2 Transmutations
 + Level 9.2 Fire Magic
 + Level 7.2 Ice Magic
 + Level 7.2 Air Magic
 + Level 7.2 Earth Magic
 + Level 7.2 Poison Magic
 + Level 9.5 Invocations
 + Level 8.7 Evocations


You had 4 spell levels left.
You knew the following spells:

 Your Spells              Type           Power        Failure   Level
a - Foxfire               Conj/Fire      ####         1%          1
b - Freeze                Ice            ####         1%          1
c - Fireball              Conj/Fire      #####.....   2%          5
d - Iskenderun's Mystic   Conj/Tloc      #####...     1%          4
e - Confusing Touch       Hex            #####...     1%          3
f - Static Discharge      Conj/Air       #####...     1%          3
g - Bolt of Magma         Conj/Fire/Erth #####.....   2%          5
q - Sticky Flame          Conj/Fire      #####...     1%          4
x - Ensorcelled Hibernat  Hex/Ice        #####.       1%          2

Your spell library contained the following spells:

 Spells                   Type           Power        Failure   Level
 Corona                   Hex            #####..      1%          1
 Magic Dart               Conj           ####         1%          1
 Searing Ray              Conj           #####.       1%          2
 Sublimation of Blood     Necr           #####.....   1%          2
 Conjure Flame            Conj/Fire      #####...     1%          3
 Dazzling Flash           Conj/Hex       #####.       1%          3
 Gell's Gravitas          Tloc           #####.....   1%          3
 Ignite Poison            Fire/Tmut/Pois #####...     1%          3
 Inner Flame              Hex/Fire       #####...     1%          3
 Tukima's Dance           Hex            #####...     1%          3
 Fulminant Prism          Conj/Hex       #####.....   1%          4
 Petrify                  Tmut/Erth      #####...     4%          4
 Irradiate                Conj/Tmut      #####.....   3%          5
 Yara's Violent Unravell  Hex/Tmut       #####.....   3%          5
 Alistair's Intoxication  Tmut/Pois      #####....    12%         5
 Metabolic Englaciation   Hex/Ice        #####.....   12%         5
 Eringya's Noxious Bog    Tmut/Pois      #####.....   56%         6


Dungeon Overview and Level Annotations

Branches:
Dungeon (15/15)            Temple (0/1) D:5            Lair (0/6) D:8
    Orc (0/2) D:10         Vaults (0/5) D:14         Depths (0/5) D:15

Altars:
Cheibriados
Dithmenos
Fedhas
Kikubaaqudgha
Nemelex Xobeh
Okawaru
Qazlal
Ru
Vehumet
Wu Jian
Yredelemnul

Shops:
D:4 ?   D:7 *   D:10 *[=(   D:14 *

Annotations:
D:7 2 transporters
D:8 1 runed translucent door
D:9 2 transporters, viperstalker's ghost, novice PaFi
D:13 Rupert


Innate Abilities, Weirdness & Mutations

Your experience applies equally to all skills.
You have very sharp teeth.
Your uncanny sense of smell can sniff out nearby items.
You are agile. (Dex +2)


Message History

The ogre mage hits you with a +0 club.
* * * LOW HITPOINT WARNING * * *
You can move again.
You erupt in a blast of force!
The mystic blast hits the naga mage!
The naga mage is knocked back by the mystic blast.
The mystic blast hits the ogre mage.
The ogre mage is knocked back by the mystic blast.
The mystic blast hits the two-headed ogre!
The two-headed ogre is knocked back by the mystic blast.
You erupt in a blast of force!
The mystic blast hits the neqoxec.
The neqoxec is knocked back by the mystic blast.
The mystic blast hits the ogre mage!
The ogre mage is knocked back by the mystic blast.
The mystic blast hits the two-headed ogre!
The two-headed ogre is knocked back by the mystic blast.
You don't have enough magic to cast that spell.
You don't have enough magic to cast that spell.
The naga mage points at you and mumbles some strange words.
The bolt of poison misses you.
The naga mage gestures at you while chanting.
The poison arrow hits you!!
You are poisoned.
* * * LOW HITPOINT WARNING * * *
You feel much better.
You feel sick.
The two-headed ogre hits you with a cursed -1 giant spiked club!!
* * * LOW HITPOINT WARNING * * *
The two-headed ogre hits you but does no damage.
The ogre mage misses you.
You riposte.
You hit the ogre mage.
You feel better. The ogre mage closely misses you.
The two-headed ogre completely misses you.
The two-headed ogre hits you with a +0 giant club.
* * * LOW HITPOINT WARNING * * *
Okay, then.
You erupt in a blast of force!
The mystic blast hits the neqoxec!
The neqoxec is knocked back by the mystic blast.
The mystic blast hits the chaos spawn!
The mystic blast hits the naga mage but does no damage.
The mystic blast misses the sun demon.
The mystic blast hits the orc sorcerer!
The orc sorcerer is knocked back by the mystic blast.
The mystic blast hits the ogre mage but does no damage.
The mystic blast hits the two-headed ogre!
The two-headed ogre is knocked back by the mystic blast.
The ogre mage hits you but does no damage.
The naga mage closely misses you. The ogre mage misses you.
The neqoxec gestures.
The sun demon barely misses you.
The ogre mage points at you and mumbles some strange words.
The bolt of lightning hits the sun demon!
The sun demon resists.
The bolt of lightning hits you!!
You die...

#...5# #.##..#
####...5####.##..#
#....3..#.....#..#
########......##.#####.O#
##...........5.##.# ##O.
#........4O....##.# ##.
#.......oO.N....#.# ###
#........3....#.#'### #..
#........@....#.....# #..
##.......<....#.....# #..
#........##'##.....####..
#........................
#####'#####.############.
#.......##........V..
##########....^...###
#.......J# # #........# #


You could see a two-headed ogre (fast), an ogre mage (fast), a sun demon
(summoned), a naga mage (fast), a neqoxec (summoned), a chaos spawn (summoned),
an orc sorcerer, a quasit (summoned) and a crimson imp (summoned).

Vanquished Creatures
  Kirke (D:13)
  Snorg (D:13)
  Josephine (D:10)
  Erolcha (D:9)
  Harold (D:8)
  2 hydras
  8 vault guards
  Erica (D:9)
  6 two-headed ogres
  A tengu warrior (D:14)
  An unseen horror (D:11)
  2 wizards (D:15)
  An orc knight (D:12)
  7 ugly things
  2 cyclopes (D:14)
  2 manticores
  A deep elf mage (D:13)
  Joseph (D:8)
  Psyche (D:9)
  A yaktaur (D:15)
  An efreet (D:15)
  A freezing wraith (D:14)
  Maggie (D:6)
  A tengu conjurer (D:14)
  A hornet (D:13)
  Prince Ribbit (D:6)
  3 slime creatures (D:15)
  2 hippogriffs
  4 yaks (D:12)
  2 shadows
  Sigmund (D:3)
  3 hogs (D:13)
  2 wyverns
  3 wraiths (D:10)
  Eustachio (D:4)
  Menkaure (D:5)
  Edmund (D:6)
  Duvessa (D:5)
  An acid dragon (D:13)
  20 orc warriors
  2 ice beasts
  3 black bears
  2 necrophages (D:11)
  7 sky beasts
  5 ogres
  4 centaurs
  A crocodile (D:14)
  A big kobold (D:7)
  5 bullfrogs
  Dowan (D:5)
  A scorpion (D:5)
  9 killer bees
  10 wights
  A howler monkey (D:6)
  3 electric eels (D:10)
  4 centaur zombies
  4 hounds
  6 orc priests
  2 bullfrog skeletons
  3 gnoll shamans
  4 jellies
  12 orc wizards
  2 centaur skeletons
  3 iguanas
  8 worker ants
  A hound zombie (D:7)
  A howler monkey skeleton (D:6)
  22 adders
  12 gnolls
  2 shadow imps
  A white imp (D:6)
  An ufetubus (D:8)
  2 oozes (D:1)
  An adder skeleton (D:7)
  An adder zombie (D:7)
  3 worms
  A dart slug (D:1)
  8 leopard geckos
  38 orcs
  12 bats
  5 giant cockroaches
  10 goblins
  4 hobgoblins
  17 jackals
  16 kobolds
  5 quokkas
  4 frilled lizards
  A jackal skeleton (D:6)
  A jackal zombie (D:9)
  A leopard gecko skeleton (D:4)
  A quokka skeleton (D:4)
  5 rats
372 creatures vanquished.

Vanquished Creatures (others)
  910 foxfires
  5 plants (D:10)
915 creatures vanquished.

Grand Total: 1287 creatures vanquished

Notes
Turn   | Place    | Note
-------+----------+-------------------------------------------
     0 | D:1      | Apogee the Gnoll Fire Elementalist began the quest for the
                  | Orb.
     0 | D:1      | Reached XP level 1. HP: 13/13 MP: 6/6
   123 | D:1      | Reached XP level 2. HP: 19/19 MP: 5/7
   621 | D:1      | Reached XP level 3. HP: 25/25 MP: 6/9
   669 | D:1      | Reached skill level 5 in Spellcasting
  1543 | D:2      | Reached skill level 1 in Invocations
  1589 | D:2      | Reached skill level 1 in Fighting
  1589 | D:2      | Reached skill level 1 in Short Blades
  1589 | D:2      | Reached skill level 1 in Long Blades
  1589 | D:2      | Reached skill level 1 in Axes
  1589 | D:2      | Reached skill level 1 in Maces & Flails
  1589 | D:2      | Reached skill level 1 in Polearms
  1589 | D:2      | Reached skill level 1 in Staves
  1589 | D:2      | Reached skill level 1 in Slings
  1589 | D:2      | Reached skill level 1 in Bows
  1589 | D:2      | Reached skill level 1 in Crossbows
  1589 | D:2      | Reached skill level 1 in Throwing
  1589 | D:2      | Reached skill level 1 in Armour
  1589 | D:2      | Reached skill level 1 in Shields
  1589 | D:2      | Reached skill level 1 in Unarmed Combat
  1589 | D:2      | Reached skill level 1 in Evocations
  1589 | D:2      | Reached XP level 4. HP: 30/32 MP: 4/11
  2039 | D:2      | Reached skill level 1 in Hexes
  2039 | D:2      | Reached skill level 1 in Summonings
  2039 | D:2      | Reached skill level 1 in Necromancy
  2039 | D:2      | Reached skill level 1 in Translocations
  2039 | D:2      | Reached skill level 1 in Transmutations
  2039 | D:2      | Reached skill level 1 in Ice Magic
  2039 | D:2      | Reached skill level 1 in Air Magic
  2039 | D:2      | Reached skill level 1 in Earth Magic
  2039 | D:2      | Reached skill level 1 in Poison Magic
  2694 | D:3      | Reached XP level 5. HP: 37/37 MP: 9/12
  2950 | D:2      | HP: 1/37 [poisoned by an orc]
  3289 | D:3      | Noticed Sigmund
  3368 | D:3      | Killed Sigmund
  3368 | D:3      | Reached XP level 6. HP: 44/44 MP: 7/14
  3476 | D:3      | Reached skill level 5 in Dodging
  3542 | D:3      | Found a basalt altar of Yredelemnul.
  4207 | D:4      | Found Ibuefrun's Magic Scroll Emporium.
  4283 | D:4      | Bought a scroll of teleportation for 36 gold pieces
  4283 | D:4      | Bought a scroll of fog for 24 gold pieces
  4283 | D:4      | Bought a scroll of immolation for 42 gold pieces
  4283 | D:4      | Bought a scroll of random uselessness for 12 gold pieces
  4283 | D:4      | Bought a scroll of identify for 24 gold pieces
  4579 | D:4      | Noticed Eustachio
  4596 | D:4      | Reached XP level 7. HP: 33/50 MP: 6/15
  4611 | D:4      | Killed Eustachio
  4621 | D:4      | Gained mutation: Scrolls take you a little longer to read.
                  | [potion of mutation]
  4621 | D:4      | Gained mutation: You are agile. (Dex +2) [potion of
                  | mutation]
  4621 | D:4      | Lost mutation: Scrolls take you a little longer to read.
                  | [potion of mutation]
  4959 | D:4      | Reached skill level 5 in Stealth
  5476 | D:5      | Entered Level 5 of the Dungeon
  5476 | D:5      | Found a radiant altar of Vehumet.
  5498 | D:5      | Became a worshipper of Vehumet
  5743 | D:5      | Found a staircase to the Ecumenical Temple.
  5833 | D:5      | Noticed Duvessa
  5833 | D:5      | Noticed Dowan
  5850 | D:5      | Killed Duvessa
  5850 | D:5      | Reached XP level 8. HP: 33/57 MP: 4/16
  5860 | D:5      | Killed Dowan
  6111 | D:5      | Noticed Menkaure
  6130 | D:5      | Reached skill level 6 in Spellcasting
  6138 | D:5      | Killed Menkaure
  6635 | D:6      | Noticed Maggie
  6639 | D:6      | Reached * piety under Vehumet
  6639 | D:6      | Offered knowledge of Sandblast by Vehumet.
  6653 | D:6      | Killed Maggie
  6653 | D:6      | Reached XP level 9. HP: 21/65 MP: 10/18
  6673 | D:6      | Learned a level 4 spell: Sticky Flame
  6885 | D:6      | Found a blossoming altar of Fedhas.
  6885 | D:6      | Noticed Edmund
  6971 | D:6      | Got a scorched falchion
  6988 | D:6      | Killed Edmund
  7287 | D:6      | Noticed Prince Ribbit
  7300 | D:6      | Killed Prince Ribbit
  7470 | D:6      | Identified the cursed +2 falchion "Tuinipr Kewa" {vorpal,
                  | Str+6} (You found it on level 6 of the Dungeon)
  7583 | D:7      | Found an iron altar of Okawaru.
  7587 | D:7      | Found a snail-covered altar of Cheibriados.
  7689 | D:7      | Found a stormy altar of Qazlal.
  7689 | D:7      | Found a shadowy altar of Dithmenos.
  7689 | D:7      | Found a sacrificial altar of Ru.
  7805 | D:7      | Found a transporter.
  7886 | D:7      | Learned a level 2 spell: Ensorcelled Hibernation
  7936 | D:7      | Reached skill level 5 in Invocations
  7989 | D:7      | Found a transporter.
  8156 | D:7      | Noticed a kobold demonologist
  8165 | D:7      | Found Besuje's Assorted Antiques.
  8447 | D:7      | Found an ancient bone altar of Kikubaaqudgha.
  8652 | D:8      | Reached skill level 7 in Spellcasting
  8659 | D:8      | Reached XP level 10. HP: 56/73 MP: 13/20
  8666 | D:8      | Reached ** piety under Vehumet
  8666 | D:8      | Offered knowledge of Freeze by Vehumet.
  9556 | D:8      | Found an iron altar of Okawaru.
  9556 | D:8      | Noticed Harold
  9576 | D:8      | Killed Harold
  9576 | D:8      | Reached skill level 5 in Fighting
  9576 | D:8      | Reached skill level 5 in Short Blades
  9576 | D:8      | Reached skill level 5 in Long Blades
  9576 | D:8      | Reached skill level 5 in Axes
  9576 | D:8      | Reached skill level 5 in Maces & Flails
  9576 | D:8      | Reached skill level 5 in Polearms
  9576 | D:8      | Reached skill level 5 in Staves
  9576 | D:8      | Reached skill level 5 in Slings
  9576 | D:8      | Reached skill level 5 in Bows
  9576 | D:8      | Reached skill level 5 in Crossbows
  9576 | D:8      | Reached skill level 5 in Throwing
  9576 | D:8      | Reached skill level 5 in Armour
  9576 | D:8      | Reached skill level 5 in Shields
  9576 | D:8      | Reached skill level 5 in Unarmed Combat
  9576 | D:8      | Reached skill level 5 in Evocations
  9998 | D:8      | Noticed a sixfirhy
 10000 | D:8      | Found a runed translucent door.
 10027 | D:8      | Learned a level 1 spell: Freeze
 10051 | D:8      | Learned a level 5 spell: Fireball
 10056 | D:8      | Learned a level 4 spell: Iskenderun's Mystic Blast
 10060 | D:8      | Learned a level 3 spell: Confusing Touch
 10157 | D:8      | Noticed Joseph
 10175 | D:8      | Killed Joseph
 10175 | D:8      | Reached skill level 5 in Conjurations
 10411 | D:8      | Found a staircase to the Lair.
 10785 | D:9      | Found an ornate altar of the Wu Jian Council.
 10786 | D:9      | Noticed Psyche
 10794 | D:9      | Killed Psyche
 10821 | D:9      | Got a dazzling chain mail
 10878 | D:9      | Found a sparkling altar of Nemelex Xobeh.
 11230 | D:9      | Found a transporter.
 11230 | D:9      | Noticed Erolcha
 11248 | D:9      | Killed Erolcha
 11248 | D:9      | Reached XP level 11. HP: 46/81 MP: 9/22
 11409 | D:9      | Noticed viperstalker's ghost (novice PaFi)
 11434 | D:9      | Found a transporter.
 11552 | D:9      | Offered knowledge of Static Discharge by Vehumet.
 11557 | D:9      | Learned a level 3 spell: Static Discharge
 11810 | D:9      | Noticed Erica
 11841 | D:9      | Killed Erica
 11841 | D:9      | Reached skill level 5 in Hexes
 11841 | D:9      | Reached skill level 5 in Summonings
 11841 | D:9      | Reached skill level 5 in Necromancy
 11841 | D:9      | Reached skill level 5 in Translocations
 11841 | D:9      | Reached skill level 5 in Transmutations
 11841 | D:9      | Reached skill level 5 in Ice Magic
 11841 | D:9      | Reached skill level 5 in Air Magic
 11841 | D:9      | Reached skill level 5 in Earth Magic
 11841 | D:9      | Reached skill level 5 in Poison Magic
 12192 | D:10     | Entered Level 10 of the Dungeon
 12289 | D:10     | Found Estosuut's Armour Shop.
 12476 | D:10     | Reached *** piety under Vehumet
 12481 | D:10     | Reached skill level 8 in Spellcasting
 12568 | D:10     | Found a staircase to the Orcish Mines.
 12719 | D:10     | Found a blossoming altar of Fedhas.
 13067 | D:10     | Found Yfezxal's General Store.
 13202 | D:10     | Noticed Josephine
 13210 | D:10     | Killed Josephine
 13287 | D:10     | Found a blossoming altar of Fedhas.
 13288 | D:10     | Found Sulurhae's Jewellery Emporium.
 13308 | D:10     | Found Nuuretal's Weapon Emporium.
 13635 | D:11     | Noticed an unseen horror
 13640 | D:11     | Killed an unseen horror
 13842 | D:11     | Offered knowledge of Stone Arrow by Vehumet.
 14187 | D:11     | Noticed a purple ugly thing
 14203 | D:11     | Killed a purple ugly thing
 14468 | D:11     | Noticed a manticore
 14474 | D:11     | Killed a manticore
 15103 | D:12     | Noticed an orc knight
 15116 | D:12     | Killed an orc knight
 15116 | D:12     | Reached **** piety under Vehumet
 15128 | D:12     | Reached XP level 12. HP: 37/89 MP: 4/24
 15461 | D:11     | Offered knowledge of Bolt of Magma by Vehumet.
 15468 | D:11     | Learned a level 5 spell: Bolt of Magma
 15776 | D:12     | Noticed a two-headed ogre
 15792 | D:12     | Killed a two-headed ogre
 16374 | D:12     | Noticed an eight-headed hydra
 16387 | D:12     | Killed an eight-headed hydra
 16565 | D:13     | Noticed Kirke
 16589 | D:13     | Killed Kirke
 16589 | D:13     | Reached skill level 9 in Spellcasting
 16949 | D:13     | Noticed Snorg
 16961 | D:13     | Killed Snorg
 17357 | D:13     | Noticed Rupert
 17882 | D:14     | Found Biaz's Assorted Antiques.
 18329 | D:14     | Noticed a tengu warrior
 18338 | D:14     | Killed a tengu warrior
 18453 | D:14     | Noticed a five-headed hydra
 18463 | D:14     | Killed a five-headed hydra
 18463 | D:14     | Reached XP level 13. HP: 98/98 MP: 3/26
 18613 | D:14     | Found a gate to the Vaults.
 18613 | D:14     | Noticed a vault guard
 18613 | D:14     | Noticed a vault guard
 18613 | D:14     | Noticed a vault guard
 18613 | D:14     | Noticed a vault guard
 18613 | D:14     | Noticed a vault guard
 18614 | D:14     | Noticed a vault guard
 18614 | D:14     | Noticed a vault guard
 18615 | D:14     | Noticed a vault guard
 18620 | D:14     | Killed a vault guard
 18632 | D:14     | Killed a vault guard
 18632 | D:14     | Killed a vault guard
 18890 | D:13     | Killed a vault guard
 19207 | D:13     | Killed a vault guard
 19211 | D:13     | Killed a vault guard
 19476 | D:13     | Killed a vault guard
 19832 | D:14     | Killed a vault guard
 20286 | D:15     | Entered Level 15 of the Dungeon
 21803 | D:15     | Found a staircase to the Depths.
 21803 | D:15     | Noticed an ogre mage
 21805 | D:15     | Reached skill level 10 in Spellcasting
 21825 | D:15     | Paralysed by an ogre mage for 2 turns
 21855 | D:15     | Paralysed by an ogre mage for 6 turns
 21866 | D:15     | HP: 2/99 [naga mage/poison arrow (33)]
 21871 | D:15     | Killed from afar by an ogre mage

Illustrated notes

Levels and vault maps discovered:
D:1:      mrwooster_arrival_statue_2, layout_basic, serial_corexii_hall,
          corexii_hall_statues_l, chequers_hall_statues_wall_a
D:2:      layout_loops_ring, wander_ebering_terrifying_dragon_lair
D:3:      kennysheep_the_goblin_king, layout_rooms, lemuel_round_altar,
          uniq_sigmund
D:4:      layout_basic, serial_shops, shop, uniq_eustachio
D:5:      layout_gridville, lemuel_crystal_altar, minmay_temple_entry_wispy,
          uniq_menkaure, uniq_duvessa
D:6:      lemuel_ice_spiral_2, layout_basic, overflow_temple_1_default,
          uniq_prince_ribbit1, uniq_maggie, uniq_edmund
D:7:      gammafunk_wand_slinger, layout_gridville, kennysheep_mini,
          grunt_temple_overflow_open, serial_shops,
          nicolae_shop_competitors_out_of_business, minmay_misc_feat_five
D:8:      cheibrodos_shockbox, layout_loops_ring, lair_entry_dummy,
          okawaru_ov_weapons_minmay, uniq_joseph, uniq_harold
D:9:      layout_loops_corners, overflow_temple_1_default,
          nicolae_overflow_crystal_walls, gammafunk_ghost_stat_death,
          uniq_psyche, uniq_erica, uniq_erolcha
D:10:     layout_gridville, david_orc_3, serial_shops, nicolae_shop_statue_plus,
          kennysheep_little_box, shop, shop_fountains, basic_altar,
          roderic_serpentine_path, chequers_big_river, fedhas_altar_3,
          uniq_josephine
D:11:     layout_roguey
D:12:     layout_roguey [special_room_orc]
D:13:     layout_loops_ring, hangedman_decor_lopped, uniq_snorg, uniq_kirke,
          uniq_rupert
D:14:     layout_loops_ring, erik_vaults_2, serial_shops,
          nicolae_shop_behind_doors, chequers_serial_rivers_large_a,
          small_statue_intersection, minmay_orc_keep
D:15:     grunt_enter_depths_magical_seal, layout_basic, grunt_decor_arrowhead

Skill      XL: |  1  2  3  4  5  6  7  8  9 10 11 12 13 |
---------------+----------------------------------------+-----
Conjurations   | 2 3 4 5 6 7 |  7.6
Spellcasting   | 5 6 7 8 9 10 | 10.0
Invocations    | 1 2 3 4 5 6 7 8 9 |  9.5
Fighting       | 1 2 3 4 5 6 7 8 |  8.7
Short Blades   | 1 2 3 4 5 6 7 8 |  8.7
Long Blades    | 1 2 3 4 5 6 7 8 |  8.7
Axes           | 1 2 3 4 5 6 7 8 |  8.7
Maces & Flails | 1 2 3 4 5 6 7 8 |  8.7
Polearms       | 1 2 3 4 5 6 7 8 |  8.7
Staves         | 1 2 3 4 5 6 7 8 |  8.7
Slings         | 1 2 3 4 5 6 7 8 |  8.7
Bows           | 1 2 3 4 5 6 7 8 |  8.7
Crossbows      | 1 2 3 4 5 6 7 8 |  8.7
Throwing       | 1 2 3 4 5 6 7 8 |  8.7
Armour         | 1 2 3 4 5 6 7 8 |  8.7
Shields        | 1 2 3 4 5 6 7 8 |  8.7
Unarmed Combat | 1 2 3 4 5 6 7 8 |  8.7
Evocations     | 1 2 3 4 5 6 7 8 |  8.7
Hexes          | 1 2 3 4 5 6 7 |  7.2
Summonings     | 1 2 3 4 5 6 7 |  7.2
Necromancy     | 1 2 3 4 5 6 7 |  7.2
Translocations | 1 2 3 4 5 6 7 |  7.2
Transmutations | 1 2 3 4 5 6 7 |  7.2
Ice Magic      | 1 2 3 4 5 6 7 |  7.2
Air Magic      | 1 2 3 4 5 6 7 |  7.2
Earth Magic    | 1 2 3 4 5 6 7 |  7.2
Poison Magic   | 1 2 3 4 5 6 7 |  7.2
Dodging        | 5 6 7 8 9 |  9.8
Stealth        | 5 6 7 8 9 |  9.7
Fire Magic     | 6 7 8 9 |  9.2

Action                   |  1- 3 |  4- 6 |  7- 9 | 10-12 | 13-15 || total
-------------------------+-------+-------+-------+-------+-------++-------
Melee: Trident           |       |    22 |    40 |       |       ||    62
       Whip              |       |     5 |       |       |       ||     5
       Bite              |       |     3 |     8 |    66 |    21 ||    98
       Dagger            |       |       |    34 |    36 |       ||    70
       Falchion          |       |       |     7 |   299 |    83 ||   389
       Punch             |       |       |       |    20 |     6 ||    26
Throw: Stone             |       |       |     1 |     5 |     1 ||     7
 Cast: Foxfire           |    53 |   148 |   201 |   177 |       ||   579
       Sticky Flame      |       |       |     5 |    42 |    20 ||    67
       Ensorcelled Hiber |       |       |       |     8 |       ||     8
       Fireball          |       |       |       |    22 |     5 ||    27
       Static Discharge  |       |       |       |     9 |       ||     9
       Freeze            |       |       |       |     6 |     6 ||    12
       Iskenderun's Myst |       |       |       |    23 |    21 ||    44
       Confusing Touch   |       |       |       |     2 |       ||     2
       Bolt of Magma     |       |       |       |    23 |    25 ||    48
Evoke: Wand              |       |       |     1 |     8 |     7 ||    16
  Use: Potion            |       |       |     6 |       |     2 ||     8
       Scroll            |       |       |     5 |     1 |       ||     6
 Stab: Sleeping          |       |     1 |     6 |    11 |     1 ||    19
       Confused          |       |       |       |     1 |       ||     1
       Distracted        |       |       |       |     1 |       ||     1
Armor: Robe              |     1 |     4 |    18 |       |       ||    23
       Steam dragon scal |       |       |     8 |    95 |       ||   103
       Acid dragon scale |       |       |       |     4 |    33 ||    37
Dodge: Dodged            |     4 |    52 |    98 |   376 |    94 ||   624
       Rpst.: Falchion   |       |       |     2 |   100 |    24 ||   126

Table legend: (Time is in decaauts)
 A = Elapsed time spent in this place.
 B = Non-inter-level travel time spent in this place.
 C = Inter-level travel time spent in this place.
 D = Time resting spent in this place.
 E = Time spent auto-exploring this place.
 F = Levels seen in this place.
 G = Mean time per level.
                   A        B        C        D        E       F      G
               +--------+--------+--------+--------+--------+-----+--------+
         Total |  21938 |  21320 |    618 |   4794 |  13223 |  15 | 1462.5 |
       Dungeon |  21938 |  21320 |    618 |   4794 |  13223 |  15 | 1462.5 |
               +--------+--------+--------+--------+--------+-----+--------+

Top non-repeatable levels by time:
    D:13: 2391 daAuts
    D:14: 2239 daAuts
     D:8: 2032 daAuts
    D:11: 1817 daAuts
     D:2: 1804 daAuts
     D:9: 1650 daAuts
    D:10: 1365 daAuts
     D:4: 1346 daAuts
     D:1: 1276 daAuts
     D:6: 1185 daAuts
    D:12: 1126 daAuts
     D:3: 1038 daAuts
     D:7: 1012 daAuts
     D:5: 909 daAuts
    D:15: 742 daAuts
